 Dungeon Crawl Stone Soup version 0.26.0-16-gc1dbca0489 (webtiles) character file.

Game seed: 10583437457485030634

3507 Gauvater the Covert (level 10, -2/66 HPs)
             Began as an Octopode Fire Elementalist on Jan 20, 2021.
             Was a Believer of Vehumet.
             Slain by an orc warrior
             ... wielding a +0 war axe
              (22 damage)
             ... on level 8 of the Dungeon.
             The game lasted 02:00:24 (12684 turns).

Gauvater the Covert (Octopode Fire Elementalist)   Turns: 12684, Time: 02:00:25

Health: -2/66      AC:  1    Str:  9    XL:     10   Next: 7%
Magic:  16/19      EV: 14    Int: 26    God:    Vehumet [**....]
Gold:   302        SH:  0    Dex: 12    Spells: 15/21 levels left

rFire    . . .     SeeInvis .   f - +0 dagger (elec)
rCold    . . .     Faith    .   (no shield)
rNeg     . . .     Spirit   .   (helmet restricted)
rPois    .         Reflect  .   (no amulet)
rElec    .         Harm     .   q - +6 ring of intelligence
rCorr    .         Rampage  .   (no ring)
Will     .....                  (no ring)
Stlth    +++++.....             (no ring)
HPRegen  0.21/turn              (no ring)
MPRegen  0.16/turn              (no ring)
                                (no ring)
                                (no ring)

@: no status effects
A: almost no armour, stealthy swim, amphibious, 8 rings, constrict 8, camouflage
1, gelatinous body 1
a: Renounce Religion


You were on level 8 of the Dungeon.
You worshipped Vehumet.
Vehumet was pleased with you.
You visited 1 branch of the dungeon, and saw 9 of its levels.
You also visited: Ossuary.

You collected 650 gold pieces.
You spent 348 gold pieces at shops.

Inventory:

Hand Weapons
 f - a +0 dagger of electrocution (weapon)
 s - a +0 vorpal spear
 u - a +6 trident of venom
 v - a +0 hunting sling
 y - a +3 short sword
 D - a +1 long sword of flaming
Missiles
 e - 160 arrows
 h - 242 stones
 j - 4 atropa-tipped darts
 k - 44 poisoned darts
 l - 24 bolts
 r - 2 datura-tipped darts
 t - 6 boomerangs (quivered)
Jewellery
 q - a +6 ring of intelligence (left tentacle)
Wands
 w - a wand of iceblast (10)
 x - a wand of enslavement (5)
Scrolls
 a - 3 scrolls of enchant armour
 b - a scroll of teleportation
 c - 11 scrolls of remove curse
 p - 2 scrolls of magic mapping
 B - 4 scrolls of fear
 E - 2 scrolls of immolation
 F - a scroll of random uselessness {unknown}
Potions
 d - 2 potions of curing
 g - a potion of brilliance
 i - a potion of magic {unknown}
 m - 2 potions of lignification
 n - 3 potions of might
 o - a potion of cancellation {unknown}
 z - a potion of invisibility {unknown}
 A - 3 potions of mutation {unknown}
 C - 2 potions of heal wounds {unknown}
 G - a potion of attraction {unknown}
 H - 2 potions of flight {unknown}


   Skills:
 * Level 5.5 Fighting
 + Level 1.3 Short Blades
 + Level 4.3 Polearms
 - Level 2.4 Throwing
 + Level 3.5 Dodging
 + Level 8.1 Stealth
 + Level 2.6 Unarmed Combat
 * Level 6.0 Spellcasting
 + Level 3.5 Conjurations
 + Level 5.0 Fire Magic
 * Level 3.5 Ice Magic
 * Level 1.4 Evocations


You had 15 spell levels left.
You knew the following spells:

 Your Spells              Type           Power        Failure   Level
a - Foxfire               Conj/Fire      100%         1%          1
b - Conjure Flame         Conj/Fire      30%          3%          3
c - Freeze                Ice            100%         1%          1
d - Sandblast             Erth           16%          7%          1

Your spell library contained the following spells:

 Spells                   Type           Power        Failure   Level
 Magic Dart               Conj           100%         1%          1
 Inner Flame              Hex/Fire       20%          8%          3
 Blink                    Tloc           N/A          11%         2
 Call Imp                 Summ           7%           11%         2
 Slow                     Hex            7%           11%         2
 Sticky Flame             Conj/Fire      30%          12%         4
 Mephitic Cloud           Conj/Pois/Air  13%          13%         3
 Fireball                 Conj/Fire      15%          32%         5


Dungeon Overview and Level Annotations

Branches:
Dungeon (9/15)             Temple (0/1) D:6         Ossuary (visited)
   Lair: D:8-11         Orc: D:9-12

Altars:
Cheibriados
Makhleb
Nemelex Xobeh
Okawaru
Ru
Trog
Vehumet
The Shining One

Shops:
D:8 *


Innate Abilities, Weirdness & Mutations

You cannot wear most types of armour.
You are very stealthy in the water. (Stealth+)
You are amphibious.
You can wear up to eight rings at the same time.
You can use your tentacles to constrict eight enemies at once.
Your skin changes colour to match your surroundings (Stealth+).
Your rubbery body absorbs attacks. (AC +1, EV +1)


Message History

The orc warrior misses your foxfire.
You feel better.
The foxfire hits the orc warrior but does no damage.
The orc warrior is severely wounded.
The foxfire hits the orc!
You kill the orc!
Vehumet accepts your kill. The orc misses you.
Okay, then.
Casting: Foxfire (safe; 1% risk of failure)
Confirm with . or Enter, or press ? or * to list all spells.
You conjure some foxfire!
The orc warrior barely misses you.
The orc warrior hits your foxfire with a +0 war axe! x2
The orc barely misses you. The orc misses your foxfire.
The foxfire hits the orc warrior!
The orc warrior is almost dead.
The foxfire hits the orc.
The orc is severely wounded.
The orc warrior hits you with a +0 war axe!!
You die...

#............#....#.#
#.....##.....##.....#
......##.....##.[..##
...............>...#
#.....##.....#######
#.....##....∩##....####
+.....................#
#.....................#
#..............o@.....#
#.....##..(....>......#
########......)o......#
# #...........<...# #
#...............# #
#......##...##.## #
#......######*## #
#.......# # #.......#


You could see an orc warrior and an orc.

Vanquished Creatures
  Pikel (D:7)
  Maggie (D:7)
  2 water moccasins
  An orc warrior (D:6)
  A sky beast (D:7)
  A black bear (D:6)
  2 ogres
  A necrophage (D:6)
  2 ice beasts
  2 lemures (D:7)
  4 centaurs
  A gnoll sergeant (D:6)
  2 bullfrogs
  A wyvern skeleton (D:8)
  2 scorpions
  2 wights (D:6)
  2 howler monkeys
  2 quasits
  4 hounds
  A jelly (D:7)
  3 orc priests
  A centaur skeleton (D:8)
  A bullfrog skeleton (D:5)
  2 iguanas (D:4)
  4 orc wizards
  6 worker ants
  A killer bee zombie (D:7)
  A hound skeleton (D:8)
  9 mummies
  7 gnolls
  5 adders
  2 shadow imps
  2 white imps
  2 ufetubi
  2 adder skeletons
  2 dart slugs
  A worm (D:6)
  5 leopard geckos
  12 orcs
  5 bats
  4 giant cockroaches
  5 goblins (D:1)
  6 hobgoblins (D:1)
  A kobold (D:1)
  2 quokkas
  3 frilled lizards
  3 gnoll zombies (Ossuary)
  3 hobgoblin zombies (Ossuary)
  2 kobold zombies (Ossuary)
  A leopard gecko skeleton (D:4)
  4 rats
142 creatures vanquished.

Vanquished Creatures (collateral kills)
  4 foxfires (D:1)
4 creatures vanquished.

Vanquished Creatures (others)
  2 wights (D:6)
  240 foxfires
  3 fungi (D:6)
  4 plants
249 creatures vanquished.

Grand Total: 395 creatures vanquished

Notes
Turn   | Place    | Note
-------+----------+-------------------------------------------
     0 | D:1      | Gauvater the Octopode Fire Elementalist began the quest for
                  | the Orb.
     0 | D:1      | Reached XP level 1. HP: 11/11 MP: 3/3
   350 | D:1      | Reached XP level 2. HP: 16/17 MP: 3/5
   857 | D:1      | Reached skill level 3 in Stealth
   974 | D:1      | Reached XP level 3. HP: 22/22 MP: 6/6
  1141 | D:2      | Found a sparkling altar of Nemelex Xobeh.
  1635 | D:2      | Reached skill level 1 in Fighting
  1708 | D:2      | Found a burning altar of Makhleb.
  1708 | D:2      | Found an iron altar of Okawaru.
  1713 | D:2      | Found a glowing golden altar of the Shining One.
  1715 | D:2      | Found a radiant altar of Vehumet.
  1717 | D:2      | Found a sacrificial altar of Ru.
  1725 | D:2      | Became a worshipper of Vehumet
  1857 | D:3      | You fall into a shaft and drop 2 floors!
  1857 | D:5      | Entered Level 5 of the Dungeon
  1857 | D:5      | Found a bloodstained altar of Trog.
  1858 | D:5      | Noticed a moth of wrath
  1890 | D:5      | Noticed a scorpion
  1923 | D:5      | Reached skill level 1 in Unarmed Combat
  1923 | D:5      | Reached XP level 4. HP: 28/28 MP: 3/7
  2037 | D:5      | Reached skill level 4 in Stealth
  2037 | D:5      | Reached XP level 5. HP: 27/34 MP: 4/8
  2799 | D:4      | Reached XP level 6. HP: 39/39 MP: 8/10
  3494 | D:5      | Reached skill level 5 in Stealth
  3552 | D:5      | Reached XP level 7. HP: 41/45 MP: 7/11
  4467 | D:5      | Learned a level 3 spell: Conjure Flame
  4867 | D:6      | Reached skill level 1 in Throwing
  5107 | D:6      | Found a snail-covered altar of Cheibriados.
  7441 | D:6      | Reached XP level 8. HP: 45/52 MP: 8/14
  7674 | D:6      | Reached skill level 1 in Polearms
  7909 | D:6      | Reached * piety under Vehumet
  7909 | D:6      | Offered knowledge of Freeze by Vehumet.
  7912 | D:6      | Learned a level 1 spell: Freeze
  8100 | D:6      | Found a staircase to the Ecumenical Temple.
  8641 | D:6      | Reached skill level 6 in Stealth
  9729 | D:7      | Reached skill level 1 in Ice Magic
 10122 | D:7      | Reached XP level 9. HP: 59/59 MP: 13/16
 10306 | D:7      | Noticed Maggie
 10343 | D:7      | Reached skill level 5 in Spellcasting
 10550 | D:6      | Reached skill level 7 in Stealth
 10738 | D:7      | Noticed Pikel
 10854 | D:7      | Killed Maggie
 10855 | D:7      | Reached skill level 1 in Short Blades
 10855 | D:7      | Reached skill level 1 in Evocations
 11174 | D:7      | Killed Pikel
 11175 | D:7      | Reached skill level 5 in Fighting
 11175 | D:7      | Reached skill level 8 in Stealth
 11324 | D:8      | Found Ocupis Lee's Assorted Antiques.
 11358 | D:8      | Found a sand-covered staircase.
 11377 | Ossuary  | Entered an ossuary
 11741 | D:8      | Bought a scroll of fear for 84 gold pieces
 11741 | D:8      | Bought a scroll of fear for 84 gold pieces
 11741 | D:8      | Bought a scroll of enchant weapon for 180 gold pieces
 11746 | D:8      | Noticed an eight-headed hydra
 11901 | D:8      | Reached skill level 5 in Fire Magic
 11962 | D:8      | Offered knowledge of Sandblast by Vehumet.
 11962 | D:8      | Reached ** piety under Vehumet
 11967 | D:8      | Learned a level 1 spell: Sandblast
 12004 | D:8      | Reached XP level 10. HP: 66/66 MP: 18/18
 12684 | D:8      | Slain by an orc warrior

Illustrated notes

Levels and vault maps discovered:
D:1:      psy_arrival_conway, layout_rooms
D:2:      layout_loops_ring, nemelex_xobeh_ov_fountains_minmay,
          chequers_temple_overflow_minitemple, serial_bayou_lake_a
D:3:      layout_basic, st_stairs_4, serial_bayou_pond_b, grunt_ministairs_1,
          dk_noncrumbling_4, nicolae_gozag_cash_rules_everything_around_me
D:4:      layout_basic, kennysheep_path_1, minmay_quantized
D:5:      layout_rooms, tgw_trog
D:6:      layout_loops_corners, slow_altar_1, temple_fountains, serial_aquarium,
          aquarium_bridge_square [aquarium_subvault_bridge,
          aquarium_subvault_bridge, aquarium_subvault_wall,
          aquarium_subvault_window], aquarium_window_2, aquarium_window_fake,
          aquarium_window_2, aquarium_window_2, aquarium_view_4,
          aquarium_view_2b
D:7:      layout_cave_pools, uniq_maggie, uniq_pikel
D:8:      layout_gridville, gup_ossuary_entry_pyramid, serial_shops, shop,
          grunt_decor_junction
D:9:      layout_rooms, overflow_temple_1_default, orc_0_dummy

Skill      XL: |  1  2  3  4  5  6  7  8  9 10 |
---------------+-------------------------------+-----
Stealth        | 3 4 5 6 8 |  8.1
Fighting       | 1 2 3 4 5 |  5.5
Unarmed Combat | 1 2 |  2.6
Spellcasting   | 3 4 5 6 |  6.0
Conjurations   | 2 3 |  3.5
Throwing       | 1 2 |  2.4
Fire Magic     | 4 5 |  5.0
Dodging        | 3 |  3.5
Polearms       | 2 4 |  4.3
Ice Magic      | 1 3 |  3.5
Short Blades   | 1 |  1.3
Evocations     | 1 |  1.4

Action                   |  1- 3 |  4- 6 |  7- 9 | 10-12 || total
-------------------------+-------+-------+-------+-------++-------
Melee: Unarmed           |    59 |    54 |    14 |       ||   127
       Constrict         |    17 |    13 |    23 |     4 ||    57
       Tentacles         |    12 |    15 |    16 |       ||    43
       Punch             |       |     2 |     3 |       ||     5
       Spear             |       |       |    77 |       ||    77
       Dagger            |       |       |    72 |     8 ||    80
       Trident           |       |       |    89 |     1 ||    90
Throw: Dart              |       |     9 |    28 |     4 ||    41
       Stone             |       |       |    45 |       ||    45
       Boomerang         |       |       |    38 |       ||    38
 Cast: Foxfire           |    24 |    28 |    85 |     5 ||   142
       Conjure Flame     |       |       |    36 |     1 ||    37
       Freeze            |       |       |     2 |       ||     2
       Sandblast         |       |       |       |     3 ||     3
Evoke: Wand              |       |       |     7 |     2 ||     9
  Use: Scroll            |     1 |       |    18 |     1 ||    20
       Potion            |       |     2 |     2 |     1 ||     5
 Stab: Sleeping          |     7 |     8 |    18 |     1 ||    34
Armor: Skin              |     2 |     4 |    14 |     1 ||    21
Dodge: Dodged            |    37 |    44 |   132 |     9 ||   222
